Map: Emerald City CE

Players

flemmig - Winner!

  • Race: Protoss Protoss
  • Spawn Location: 5:00

terrafo - Winner!

  • Race: Terran Terran
  • Spawn Location: 5:00

PREDATOR

  • Race: Protoss Protoss
  • Spawn Location: 11:00

David

  • Race: Terran Terran
  • Spawn Location: 11:00

VOD

Have the link to the VOD?

Description

Time

  • Played on: April 10, 2025, 5:06 p.m.
  • Length: 46:04
Show
View Real Time Build Order
Export as new Build Order

flemmig Protoss - Winner!

Build Orders: Carriers 

Get SALT Encoding   

  12  0:20  Probe  
  13  0:32  Pylon, Probe  
  14  0:44  Probe  
  15  0:55  Gateway  
  15  0:58  Forge, Probe  
  16  1:05  Assimilator  
  16  1:06  Probe  
  17  1:15  Probe  
  17  1:17  Pylon  
  18  1:40  Photon Cannon  
  18  1:41  Photon Cannon  
  18  1:47  Pylon  
  18  2:01  Cybernetics Core, Probe  
  18  2:09  Assimilator  
  18  2:12  Probe  
  19  2:20  Probe  
  19  2:28  Probe  
  21  2:39  Probe, Pylon  
  22  2:52  Probe  
  23  3:00  Stargate  
  23  3:09  Stalker, Nexus  
  25  3:27  Assimilator  
  25  3:32  Assimilator  
  25  3:44  Probe  
  30  3:51  Void Ray  
  30  3:52  Probe  
  31  4:03  Twilight Council  
  31  4:11  Pylon  
  31  4:17  Probe  
  31  4:18  Probe  
  33  4:25  Probe  
  33  4:26  Probe  
  35  4:36  Probe  
  35  4:37  Probe  
  41  4:47  Void Ray  
  41  4:48  Probe  
  42  4:56  Probe  
  43  5:00  Probe  
  43  5:06  Protoss Shields Level 1  
  44  5:08  Probe  
  44  5:12  Probe  
  46  5:16  Probe  
  46  5:18  Protoss Air Weapons Level 1  
  47  5:21  Probe  
  47  5:24  Probe  
  49  5:29  Probe  
  49  5:34  Probe  
  50  5:37  Stalker  
  50  5:39  Probe  
  54  5:51  Pylon  
  54  5:55  Pylon  
  54  5:58  Pylon  
  54  6:02  Pylon  
  54  6:09  Probe  
  55  6:17  Photon Cannon  
  59  6:19  Photon Cannon  
  59  6:20  Photon Cannon  
  59  6:23  Stalker  
  59  6:24  Void Ray  
  55  6:31  Photon Cannon  
  55  6:32  Photon Cannon  
  53  6:33  Photon Cannon  
  47  7:20  Photon Cannon  
  47  7:21  Photon Cannon  
  47  7:24  Photon Cannon  
  47  7:32  Pylon  
  47  7:34  Probe  
  47  7:42  Assimilator  
  47  7:43  Nexus, Probe  
  48  7:44  Pylon  
  48  7:45  Pylon  
  48  7:48  Pylon  
  49  7:52  Probe  
  49  7:53  Assimilator  
  49  7:54  Assimilator  
  50  8:01  Protoss Shields Level 2  
  50  8:04  Probe  
  50  8:05  Void Ray  
  55  8:07  Stargate  
  55  8:08  Stargate  
  55  8:10  Stargate  
  55  8:15  Protoss Air Armor Level 1  
  55  8:16  Probe  
  56  8:54  Photon Cannon  
  56  8:57  Photon Cannon  
  56  8:59  Photon Cannon  
  56  9:03  Photon Cannon  
  56  9:06  Photon Cannon  
  56  9:10  Photon Cannon  
  56  9:13  Probe  
  57  9:21  Probe  
  57  9:30  Probe  
  59  9:43  Probe  
  59  9:45  Fleet Beacon  
  60  9:48  Robotics Facility  
  60  9:50  Templar Archives  
  60  9:53  Dark Shrine  
  60  9:55  Pylon, Probe  
  61  10:00  Pylon  
  61  10:05  Pylon  
  62  10:07  Probe  
  74  11:04  Carrier x4  
  74  11:09  Protoss Shields Level 3  
  86  11:12  Nexus  
  86  11:16  Observer  
  87  11:21  Dark Templar  
  89  11:33  Photon Cannon  
  89  11:35  Immortal  
  93  11:45  Protoss Air Weapons Level 2  
  93  11:49  Pylon  
  93  12:06  Stargate  
  93  12:09  Stargate  
  93  13:19  Nexus  
  101  13:22  Mothership  
  113  13:31  Void Ray x3  
  113  13:36  Pylon  
  113  14:12  Photon Cannon  
  113  14:22  Carrier  
  113  14:23  Probe, Carrier  
  125  14:27  Probe  
  127  14:31  Probe  
  127  14:35  Probe  
  128  14:41  Probe  
  128  14:42  Pylon  
  128  14:45  Probe, Photon Cannon  
  130  14:49  Photon Cannon  
  131  14:53  Probe  
  131  14:57  Probe  
  133  15:05  Probe  
  134  15:09  Probe  
  134  15:14  Probe  
  136  15:22  Probe  
  137  15:32  Probe  
  138  15:35  Protoss Air Weapons Level 3  
  138  15:41  Carrier x4  
  138  15:42  Carrier  
  168  15:47  Pylon  
  168  15:50  Pylon  
  168  15:52  Probe  
  168  15:55  Probe  
  169  16:00  Probe  
  169  16:02  Pylon  
  169  16:03  Probe  
  171  16:10  Probe  
  172  16:12  Probe  
  174  16:22  Probe  
  174  16:24  Probe  
  176  16:34  Probe  
  177  16:56  Carrier x3  
  181  17:38  Carrier x2  
  181  17:39  Carrier  
  199  17:56  Probe  
  200  18:26  Pylon  
  200  18:28  Pylon x3  
  200  18:51  Pylon  
  200  18:53  Pylon  
  200  18:54  Pylon  
  200  18:56  Pylon x2  
  200  18:59  Pylon x2  
  200  19:08  Pylon  
  200  19:09  Pylon x2  
  200  19:10  Pylon  
  200  19:29  Nexus  
  200  20:27  Psionic Storm  
  200  20:29  Charge  
  200  20:37  Assimilator  
  200  20:41  Pylon  
  200  20:42  Protoss Air Armor Level 2  
  200  20:51  Assimilator  
  200  20:52  Assimilator  
  190  21:36  Photon Cannon  
  190  21:37  Photon Cannon  
  190  21:40  Photon Cannon  
  190  21:41  Photon Cannon  
  190  21:44  Photon Cannon  
  190  21:46  Photon Cannon  
  190  21:50  Pylon  
  190  21:57  Pylon  
  189  22:13  Photon Cannon x3  
  189  22:15  Photon Cannon  
  189  22:17  Photon Cannon  
  189  22:20  Photon Cannon  
  189  22:22  Photon Cannon  
  189  22:24  Photon Cannon x2  
  189  22:26  Photon Cannon  
  189  22:29  Photon Cannon  
  189  22:30  Photon Cannon  
  189  22:34  Photon Cannon  
  189  22:35  Photon Cannon  
  189  22:36  Photon Cannon  
  189  22:38  Photon Cannon  
  189  23:19  Assimilator  
  189  23:22  Photon Cannon  
  189  23:24  Photon Cannon  
  189  23:28  Photon Cannon  
  197  24:08  Photon Cannon  
  197  24:10  Shield Battery, Mothership  
  197  24:13  Shield Battery  
  197  24:17  Probe  
  198  24:25  Probe  
  199  24:35  Probe  
  140  26:43  Probe  
  140  26:51  Probe  
  141  26:54  Assimilator  
  141  26:58  Pylon  
  141  26:59  Pylon  
  142  27:01  Probe  
  142  27:02  Pylon  
  142  27:04  Pylon  
  143  27:13  Probe  
  138  27:25  Probe  
  139  27:44  Photon Cannon  
  139  27:46  Photon Cannon  
  139  27:49  Photon Cannon  
  139  27:50  Photon Cannon  
  139  27:52  Photon Cannon  
  147  27:59  Carrier x5  
  147  28:00  Carrier  
  147  28:03  Protoss Ground Armor Level 1  
  147  28:05  Flux Vanes  
  183  28:06  Shadow Stride  
  183  28:07  Mothership  
  183  28:08  Nexus  
  183  28:23  Stargate  
  183  28:24  Protoss Air Armor Level 3  
  183  28:25  Stargate  
  183  28:26  Stargate  
  183  28:29  Stargate  
  183  28:30  Pylon  
  182  28:53  Photon Cannon  
  182  28:57  Photon Cannon x2  
  180  30:18  Observer  
  181  30:31  Nexus  
  181  30:34  Assimilator  
  181  30:35  Assimilator  
  181  30:36  Observer  
  144  33:07  Carrier x5  
  144  33:08  Carrier  
  180  33:14  Mothership  
  180  34:14  Carrier x3  
  198  34:18  Warp Gate  
  198  34:20  Blink  
  198  34:21  Protoss Ground Armor Level 2  
  191  38:22  Nexus  
  191  38:25  Assimilator x2  
  185  41:23  Nexus  
  185  41:32  Nexus  
  185  41:49  Nexus  
  185  42:13  Nexus  
  166  44:05  Carrier x5  
Show
View Real Time Build Order
Export as new Build Order

terrafo Terran - Winner!

Build Orders:  

Get SALT Encoding   

  12  0:54  Refinery  
  12  1:13  SCV  
  13  1:25  SCV  
  14  1:28  Supply Depot  
  14  1:37  SCV  
  15  1:49  SCV  
  16  1:58  Barracks  
  16  2:01  SCV  
  16  2:07  Barracks  
  17  2:10  Supply Depot  
  17  2:13  SCV  
  18  2:22  Engineering Bay  
  18  2:35  Supply Depot  
  18  3:15  Marine  
  18  3:17  Barracks Reactor  
  19  3:25  Barracks  
  19  3:26  Terran Infantry Weapons Level 1  
  19  3:33  Marine  
  20  4:07  Factory  
  20  4:12  Marine x2  
  22  4:24  Refinery  
  22  4:30  Marine x2  
  24  4:31  Barracks Tech Lab  
  24  4:47  Supply Depot  
  24  4:48  Marine  
  25  5:14  Marine  
  25  5:18  Marine  
  27  5:25  Marine x2  
  29  5:32  Marine  
  30  5:35  Marine  
  30  5:36  Supply Depot  
  31  5:43  Marine x2  
  33  5:50  Marine  
  33  5:53  Marine  
  35  6:01  Marine x2  
  31  6:08  Marauder  
  33  6:11  Reaper  
  34  6:18  Marine  
  34  6:20  Factory Tech Lab  
  35  6:30  Marauder  
  27  6:43  Marine  
  27  6:45  Siege Tank  
  31  6:50  Marine x2  
  31  6:51  Marauder  
  35  6:55  Terran Infantry Armor Level 1  
  35  7:01  Marine  
  35  7:08  Marine x2  
  37  7:25  Marine  
  37  7:26  Marine  
  39  7:43  Marine x2  
  41  8:20  SCV  
  42  8:33  SCV  
  43  8:37  Combat Shield, Barracks Reactor  
  43  8:39  Starport  
  43  8:40  Siege Tank  
  46  8:45  SCV  
  47  8:49  Supply Depot  
  47  8:57  SCV  
  48  9:12  Siege Tank  
  51  10:02  Marine x2  
  51  10:07  Marauder  
  55  10:09  Marine  
  55  10:10  Marine  
  57  10:14  Siege Tank  
  57  10:20  Marine x2  
  62  10:24  Orbital Command  
  62  10:27  Marine  
  63  10:32  Starport Reactor, Starport  
  63  10:34  Fusion Core  
  63  10:39  Armory, Stimpack  
  63  10:40  Armory  
  63  10:41  Armory  
  63  10:44  Supply Depot  
  63  10:45  Supply Depot  
  63  10:46  Supply Depot  
  63  10:47  Supply Depot  
  63  11:05  Marine x4  
  63  11:06  Marauder  
  63  11:07  Siege Tank  
  72  11:23  Marine x4  
  76  11:27  Marauder  
  78  11:39  Siege Tank  
  81  11:41  Marine  
  82  11:48  Marauder  
  84  12:10  Marauder  
  84  12:11  Siege Tank  
  89  12:16  Starport  
  89  12:17  Starport  
  89  12:22  Viking x2  
  91  12:27  Starport Tech Lab  
  91  12:28  Terran Ship Weapons Level 1  
  91  12:29  Terran Vehicle Weapons Level 1  
  93  12:35  Engineering Bay  
  93  12:46  Weapon Refit  
  93  12:52  Marine x2  
  95  13:02  Supply Depot  
  95  13:23  Marine x4  
  95  13:24  Viking x2  
  103  13:43  Missile Turret  
  103  13:44  Missile Turret  
  103  13:49  Supply Depot  
  103  13:53  Missile Turret  
  103  14:06  Missile Turret  
  103  14:07  Missile Turret  
  103  14:10  Missile Turret x2  
  103  14:11  Marine x4, Viking x2  
  103  14:12  Missile Turret  
  103  14:13  Missile Turret  
  111  15:33  Starport Tech Lab  
  111  15:35  Starport Tech Lab  
  111  16:14  Missile Turret  
  111  16:15  Missile Turret  
  111  16:19  Missile Turret  
  111  16:21  Marine  
  111  16:28  Terran Infantry Weapons Level 2  
  111  16:35  Engineering Bay  
  111  16:50  Command Center  
  111  16:51  Refinery  
  111  16:52  Refinery  
  111  17:06  Marine x2  
  111  17:08  Marine x2, Viking  
  111  17:09  Viking  
  108  17:19  Battlecruiser  
  110  17:24  Marine  
  106  18:09  Command Center  
  106  18:11  Terran Vehicle Weapons Level 2, Terran Ship Weapons Level 2, Refinery  
  106  18:12  Terran Vehicle And Ship Armor Level 1  
  106  18:13  Refinery  
  106  18:15  Viking x2  
  110  18:35  Supply Depot  
  110  18:36  Supply Depot x2  
  110  18:37  Supply Depot  
  110  18:44  Terran Infantry Armor Level 2  
  110  18:57  Viking x5  
  120  19:33  Supply Depot  
  120  19:34  Supply Depot  
  120  19:35  Supply Depot  
  120  19:48  Planetary Fortress  
  120  20:02  Viking x5  
  130  20:08  Terran Vehicle And Ship Armor Level 2  
  130  20:31  Viking  
  130  20:32  Viking x4  
  140  21:21  SCV  
  141  21:27  Missile Turret  
  141  21:28  Missile Turret  
  141  21:29  Missile Turret x2  
  141  21:34  SCV  
  142  21:46  SCV  
  143  21:58  SCV  
  144  22:10  SCV  
  145  23:34  Siege Tank  
  145  23:35  Starport x2  
  145  23:36  Starport  
  145  23:37  Starport  
  148  24:07  Siege Tank  
  151  24:33  Supply Depot  
  151  24:35  Supply Depot  
  151  24:37  Supply Depot  
  151  24:39  Terran Vehicle Weapons Level 3, Siege Tank  
  151  24:40  Terran Vehicle And Ship Armor Level 3, Terran Ship Weapons Level 3  
  151  24:42  Battlecruiser x2  
  151  24:43  Battlecruiser  
  172  24:56  Orbital Command  
  172  25:03  SCV  
  173  25:11  Siege Tank  
  176  25:15  SCV  
  177  25:27  SCV  
  178  25:39  SCV  
  179  25:43  Siege Tank, Starport Tech Lab  
  179  25:44  Starport Tech Lab  
  182  25:51  SCV  
  182  25:55  Starport Tech Lab  
  114  27:40  Missile Turret x2  
  114  27:41  Missile Turret  
  114  27:42  Missile Turret  
  114  28:41  Missile Turret, Command Center  
  114  28:42  Missile Turret  
  114  28:59  Battlecruiser x3  
  132  29:05  Battlecruiser  
  138  29:15  Missile Turret  
  138  29:17  Missile Turret  
  138  29:21  Missile Turret  
  138  29:44  Terran Infantry Weapons Level 3  
  138  29:46  Neosteel Armor  
  138  29:49  Concussive Shells  
  138  29:54  Battlecruiser  
  144  30:05  Refinery  
  144  30:06  Orbital Command, Refinery  
  144  30:49  SCV  
  145  31:01  SCV  
  146  31:13  SCV  
  129  31:25  SCV  
  122  31:37  SCV  
  93  33:28  SCV  
  94  33:40  SCV  
  95  33:42  Hyperflight Rotors  
  95  33:52  SCV, Battlecruiser x3  
  95  33:53  Battlecruiser  
  120  33:56  Battlecruiser  
  120  33:58  Battlecruiser  
  120  34:00  Terran Infantry Armor Level 3  
  120  34:01  Hi-Sec Auto Tracking  
  132  34:03  Interference Matrix, Cloaking Field  
  132  34:04  SCV  
  133  34:11  Supply Depot  
  133  34:16  SCV  
  112  37:43  Marine  
  112  37:44  Marine x4  
  117  38:01  Marine x3  
  117  38:02  Marine x2  
  122  38:09  Refinery, Command Center  
  122  38:13  Refinery  
  122  38:19  Marine x5  
  127  38:37  Marine x5  
  132  38:55  Marine  
  133  38:59  Marine x4  
  137  39:13  Marine  
  137  39:16  Barracks  
  137  39:17  Marine x4, Barracks  
  138  39:18  Barracks  
  138  39:20  Barracks  
  138  39:21  Barracks  
  142  39:31  Marine  
  140  39:34  Marine  
  140  39:35  Marine x3  
  138  39:48  Marine  
  138  39:52  Marine  
  138  39:53  Marine x3  
  140  40:06  Marine  
  139  40:18  Medivac x4  
  139  40:19  Medivac x2  
  139  40:20  Medivac  
  153  40:25  Marine x3  
  153  40:26  Marine  
  157  40:30  Barracks Reactor x5  
  157  40:43  Marine x4  
  161  41:01  Marine x4  
  165  41:15  Command Center  
  165  41:18  Marine  
  165  41:19  Marine x3  
  165  41:23  Command Center  
  169  41:30  Supply Depot  
  169  41:53  Supply Depot  
  167  42:55  Sensor Tower  
Show
View Real Time Build Order
Export as new Build Order

PREDATOR Protoss 

Build Orders:  

Get SALT Encoding   

  12  0:00  Probe  
  13  0:15  Probe  
  14  0:23  Pylon  
  14  0:29  Probe  
  15  0:50  Gateway  
  15  0:55  Forge  
  15  1:00  Assimilator  
  15  1:06  Pylon  
  15  1:10  Probe, Pylon  
  16  1:19  Probe  
  16  1:24  Assimilator  
  17  1:41  Photon Cannon  
  17  2:16  Photon Cannon  
  17  2:26  Probe  
  17  2:34  Probe  
  19  2:44  Probe  
  19  2:46  Photon Cannon  
  20  3:03  Photon Cannon  
  20  3:05  Pylon  
  20  3:08  Probe  
  21  3:22  Cybernetics Core, Probe  
  22  3:31  Photon Cannon  
  22  3:39  Warp Gate  
  22  3:43  Probe  
  23  3:53  Gateway  
  23  4:05  Twilight Council  
  23  4:21  Shield Battery  
  23  4:37  Stalker  
  23  4:38  Blink  
  25  5:03  Stalker  
  27  5:10  Nexus  
  27  5:17  Pylon  
  27  5:21  Pylon  
  27  5:39  Shield Battery  
  27  5:45  Photon Cannon  
  27  5:50  Photon Cannon  
  27  6:01  Shield Battery  
  27  6:06  Photon Cannon  
  27  6:22  Stalker x2  
  31  6:58  Stargate x2  
  31  7:00  Probe  
  32  7:03  Probe  
  33  7:10  Assimilator  
  33  7:11  Probe  
  33  7:12  Probe  
  33  7:14  Assimilator  
  35  7:18  Stalker x2  
  35  7:21  Probe  
  40  7:41  Gateway  
  40  8:10  Charge  
  40  8:15  Fleet Beacon  
  40  8:16  Pylon  
  40  8:17  Pylon  
  40  8:33  Probe  
  41  8:39  Probe  
  42  8:45  Probe  
  43  8:50  Photon Cannon  
  43  8:51  Probe  
  44  8:57  Pylon, Probe  
  44  9:02  Pylon  
  45  9:03  Probe  
  46  9:18  Pylon  
  46  9:22  Pylon  
  46  9:32  Shield Battery  
  46  9:33  Tempest x2  
  46  9:37  Photon Cannon  
  46  9:38  Stalker x2  
  58  9:59  Cybernetics Core  
  58  10:01  Pylon  
  58  10:30  Stargate x2  
  58  10:32  Pylon  
  58  10:35  Unknown  
  58  10:36  Tempest x2  
  66  11:31  Tempest  
  70  11:40  Tempest  
  70  11:41  Tempest x2  
  82  12:06  Tempest  
  82  12:13  Shield Battery  
  82  12:15  Photon Cannon  
  86  12:21  Tempest x3  
  98  12:55  Protoss Shields Level 1  
  98  13:02  Dark Shrine  
  98  13:07  Protoss Air Weapons Level 1, Protoss Air Armor Level 1  
  98  13:47  Gateway  
  98  13:56  Gateway  
  98  13:59  Gateway  
  98  14:01  Gateway  
  98  14:31  Gateway  
  98  15:07  Pylon  
  98  15:09  Pylon  
  98  15:30  Gateway  
  98  15:32  Gateway  
  98  15:39  Tempest x4  
  98  15:46  Protoss Shields Level 2  
  98  15:47  Nexus  
  114  16:07  Pylon  
  114  16:08  Protoss Air Weapons Level 2, Protoss Air Armor Level 2  
  114  16:18  Pylon  
  114  16:22  Probe x2  
  116  16:38  Pylon  
  116  16:41  Tempest x2, Pylon  
  116  16:42  Tempest  
  116  16:51  Tempest  
  132  16:56  Shadow Stride  
  132  17:15  Assimilator  
  132  17:17  Assimilator  
  132  17:29  Nexus  
  132  17:33  Assimilator  
  132  17:37  Assimilator  
  132  17:40  Pylon  
  132  18:17  Tempest  
  132  18:18  Tempest  
  132  18:19  Tempest x2  
  144  18:24  Protoss Shields Level 3  
  148  19:10  Robotics Facility  
  148  19:14  Photon Cannon  
  148  19:20  Photon Cannon  
  148  19:21  Photon Cannon  
  148  19:22  Photon Cannon  
  148  19:23  Shield Battery  
  148  19:26  Shield Battery  
  148  19:28  Pylon  
  148  19:31  Pylon  
  148  19:43  Shield Battery  
  148  19:45  Photon Cannon  
  148  20:08  Tempest x3  
  160  20:35  Tempest  
  164  21:15  Tempest x3  
  164  21:17  Tempest  
  180  21:47  Observer  
  181  21:57  Tempest  
  181  21:58  Tempest  
  181  22:00  Observer  
  190  22:18  Observer  
  191  22:36  Observer  
  190  22:45  Tempest  
  190  22:48  Tempest  
  190  22:50  Tempest  
  194  23:34  Tempest  
  198  24:13  Protoss Ground Weapons Level 1  
  198  24:21  Protoss Air Armor Level 3, Protoss Air Weapons Level 3  
  198  24:40  Observer  
  190  25:30  Observer  
  191  25:38  Tempest x2  
  199  25:48  Observer  
  200  26:20  Observer  
  194  27:12  Tempest  
  198  27:24  Observer  
  198  27:29  Observer  
  199  27:47  Observer  
  199  29:04  Photon Cannon  
  199  29:06  Photon Cannon  
  199  29:08  Photon Cannon  
  199  29:12  Pylon  
  199  29:15  Photon Cannon  
  199  29:17  Shield Battery  
  199  29:47  Protoss Ground Armor Level 1  
  199  30:19  Cybernetics Core  
  199  30:23  Photon Cannon  
  199  30:31  Pylon  
  182  31:41  Tempest x2  
  182  31:42  Tempest x2  
  190  31:49  Protoss Ground Weapons Level 2  
  147  32:24  Tempest x4  
  51  33:07  Tempest x2  
Show
View Real Time Build Order
Export as new Build Order

David Terran 

Build Orders:  

Get SALT Encoding   

  12  0:01  SCV  
  13  0:13  SCV  
  14  0:18  Supply Depot  
  14  0:39  Refinery  
  14  0:42  SCV, Barracks  
  15  0:54  SCV  
  16  1:10  SCV  
  17  1:29  Barracks Reactor  
  17  1:30  Orbital Command  
  17  1:53  Command Center  
  17  1:55  Supply Depot  
  17  2:08  Marine x2  
  19  2:20  Barracks  
  19  2:25  Marine  
  19  2:26  Marine  
  21  2:42  SCV  
  22  2:54  SCV  
  23  3:05  Orbital Command  
  23  3:06  SCV  
  23  3:08  Barracks  
  23  3:12  Marine x2  
  25  3:17  Barracks Tech Lab  
  25  3:18  SCV  
  27  3:25  Supply Depot  
  27  3:30  Marine x2  
  29  3:35  SCV  
  29  3:39  SCV  
  31  3:45  Combat Shield  
  31  3:47  SCV  
  31  3:48  Marine x2  
  33  3:54  Supply Depot  
  34  3:56  Barracks Tech Lab  
  34  3:59  SCV  
  35  4:03  Factory  
  35  4:06  Marine  
  36  4:12  SCV  
  37  4:18  Stimpack  
  37  4:20  Marine  
  37  4:21  Marine x2  
  37  4:23  Marine  
  41  4:24  SCV  
  41  4:28  SCV  
  43  4:36  SCV  
  44  4:40  SCV  
  44  4:42  Engineering Bay  
  45  4:49  SCV  
  45  4:52  SCV, Refinery  
  47  4:56  Refinery  
  47  4:58  Refinery  
  47  5:01  SCV  
  47  5:03  Marine x4  
  52  5:15  SCV  
  52  5:19  Terran Infantry Weapons Level 1  
  52  5:20  Marine  
  54  5:21  Marine x3  
  54  5:23  Supply Depot  
  54  5:27  SCV  
  58  5:38  Marine  
  58  5:39  SCV, Marine x2  
  62  5:45  Marine  
  63  5:51  SCV  
  63  5:54  Supply Depot  
  63  5:55  Factory Tech Lab  
  63  5:56  Marine  
  63  5:57  Marine x2  
  65  6:02  Marine  
  65  6:03  SCV  
  69  6:14  Marine  
  69  6:15  Marine x2, Barracks  
  72  6:20  Marine  
  73  6:32  Marine  
  73  6:33  Marine x2  
  73  6:38  Marine  
  71  6:50  Marine  
  71  6:51  Marine x2  
  71  6:53  Siege Tank  
  77  6:56  Marine  
  78  7:04  Barracks  
  78  7:07  Marine  
  78  7:08  Marine  
  78  7:09  Marine  
  78  7:14  Marine  
  69  7:16  Barracks Reactor  
  69  7:25  Siege Tank, Marine  
  69  7:26  Marine x2  
  69  7:29  Starport  
  75  7:31  Marine  
  75  7:33  SCV  
  75  7:36  SCV  
  78  7:58  Barracks Reactor  
  78  8:06  Supply Depot  
  78  8:10  Terran Infantry Armor Level 1  
  78  8:28  SCV, Marine x4, Siege Tank  
  78  8:29  Supply Depot  
  78  8:33  Armory  
  86  8:50  Marine x6, Medivac  
  86  8:51  Supply Depot  
  94  9:13  Supply Depot, Siege Tank, Marine x5  
  102  9:23  Missile Turret  
  102  9:33  Supply Depot  
  102  9:34  Marine x6  
  102  9:35  Supply Depot, Medivac  
  110  9:42  Missile Turret  
  110  9:43  Terran Vehicle Weapons Level 1  
  110  9:55  Siege Tank, Marine x5  
  110  9:56  Supply Depot, Marine x3  
  110  9:57  SCV  
  122  10:03  Terran Infantry Weapons Level 2  
  122  10:04  Supply Depot  
  122  10:05  Missile Turret  
  122  10:13  Marine x4  
  126  10:18  Marine x4  
  126  10:20  Supply Depot  
  130  10:23  Missile Turret  
  130  10:27  Siege Tank  
  133  10:30  Marine x4  
  137  10:35  Marine x3  
  137  10:36  Marine  
  141  10:48  Marine x4  
  145  10:53  Marine x4  
  149  11:22  Marine  
  150  11:34  Supply Depot  
  150  11:37  Terran Vehicle And Ship Armor Level 1  
  150  11:56  Siege Tank, Marine x3, Medivac  
  150  11:58  Supply Depot  
  158  12:19  Marine x8  
  166  12:43  Supply Depot  
  166  13:04  Marine x8  
  174  13:05  Supply Depot  
  174  13:26  Supply Depot  
  174  13:27  SCV, Marine x5, Medivac  
  174  13:28  Supply Depot  
  182  13:43  Terran Vehicle Weapons Level 2  
  182  13:45  Terran Infantry Weapons Level 3  
  182  13:48  Supply Depot, SCV, Marine x2  
  188  13:57  Medivac  
  188  13:58  Thor  
  188  14:00  SCV  
  194  14:10  Marine x6  
  194  14:12  Supply Depot  
  200  14:35  Supply Depot  
  200  15:59  Terran Vehicle And Ship Armor Level 2  
  200  16:22  Terran Infantry Armor Level 2  
  200  16:35  Command Center  
  130  17:15  Orbital Command  
  45  17:33  Marine  
  45  17:34  Marine x7  
  53  17:42  Siege Tank  
  56  17:47  Medivac  
  56  17:51  Marine x3  
  58  17:52  Marine x5  
  66  18:09  Marine x8  
  74  18:15  Siege Tank  
  74  18:17  Medivac  
  79  18:22  Missile Turret  
  79  18:27  Marine x8  
  79  18:32  Terran Vehicle Weapons Level 3  
  87  18:38  Terran Infantry Armor Level 3  
  87  18:41  Missile Turret  
  87  18:45  Marine x2  
  87  18:47  Siege Tank, Medivac  
  94  19:01  Missile Turret  
  94  19:04  Missile Turret  
  94  19:15  Marine x3  
  94  19:16  Marine x2  
  94  19:17  Medivac  
  101  19:19  Siege Tank  
  101  19:21  Missile Turret  
  104  19:24  Missile Turret  
  104  19:40  Missile Turret  
  104  19:43  Missile Turret  
  104  19:47  Medivac  
  104  19:48  Orbital Command  
  104  19:51  Siege Tank  
  109  20:03  Missile Turret  
  109  20:41  Marine x2  
  109  20:42  Marine x6  
  117  20:59  Marine x8  
  125  21:04  Thor  
  125  21:09  Terran Vehicle And Ship Armor Level 3  
  131  21:17  Marine x8  
  139  21:34  Marine  
  139  21:35  Marine x6  
  146  21:40  Liberator  
  149  21:47  Thor  
  155  21:56  Marine x8  
  163  22:13  Marine  
  163  22:14  Marine x7  
  171  22:22  Liberator  
  174  22:38  Orbital Command  
  174  22:45  Siege Tank  
  174  22:48  Marine x8  
  185  23:05  Liberator  
  185  23:06  Marine x4  
  192  23:17  Siege Tank  
  195  23:45  Marine x4  
  195  23:46  Marine  
  200  24:45  Terran Ship Weapons Level 1  
  200  25:25  Missile Turret  
  200  25:30  Missile Turret  
  200  25:44  Missile Turret  
  200  25:50  Missile Turret  
  189  26:05  Missile Turret  
  189  26:09  Missile Turret  
  103  26:23  Missile Turret  
  48  26:31  Marine x8  
  48  26:43  Missile Turret  
  37  26:48  Marine, Medivac  
  37  26:49  Marine x7  
  47  27:06  Marine  
  47  27:07  Marine x7  
  40  27:18  Medivac  
  40  27:19  Missile Turret  
  42  27:24  Marine, Missile Turret  
  42  27:25  Marine x7  
  50  27:37  Hi-Sec Auto Tracking  
  50  27:38  Missile Turret  
  50  27:39  Terran Ship Weapons Level 2  
  50  27:43  Marine x2  
  52  27:46  Missile Turret  
  52  27:48  Medivac  
  54  27:51  Cyclone  
  54  27:54  Marine  
  54  27:55  Marine x5  
  54  27:58  Missile Turret  
  63  28:00  Marine x2  
  65  28:12  Marine  
  65  28:13  Marine x5  
  65  28:18  Marine x2, Medivac  
  75  28:23  Cyclone  
  78  28:30  Marine x2  
  78  28:31  Marine x4, Command Center  
  84  28:36  Marine x2  
  86  28:48  Marine x6, Medivac  
  89  28:54  Marine x2  
  96  28:55  Cyclone  
  99  29:06  Marine x6  
  105  29:12  Marine x2  
  107  29:23  Marine  
  108  29:24  Marine x5  
  108  29:28  Cyclone  
  108  29:29  Marine x2  
  118  29:41  Marine  
  118  29:42  Marine x2  
  121  30:00  Cyclone  
  14  32:01  Factory  
  14  32:34  Marine x8  
  22  32:49  Factory Tech Lab  
  22  32:52  Marine x8  
  22  32:56  Thor  
  36  33:01  Medivac  
  38  33:08  Thor  
  38  33:09  Marine  
  38  33:10  Marine x4  
  38  33:12  Marine x3  
  52  33:27  Marine  
  52  33:28  Marine x4  
  52  33:30  Marine x3  
  52  33:31  Medivac  
  62  33:39  Thor  
  68  33:45  Marine  
  68  33:46  Marine x4  
  68  33:47  Marine  
  68  33:48  Marine x2  
  74  33:51  Thor  
  82  34:01  Medivac  
  84  34:03  Marine x5  
  84  34:05  Marine  
  84  34:06  Marine x2  
  92  34:22  Thor  
  92  34:24  Marine x2  
  100  34:30  Marine x6  
  106  34:31  Medivac  
  106  34:34  Thor  
  114  34:41  Marine x2  
  116  34:48  Marine x6  
  122  34:59  Marine x2  
  124  35:01  Medivac  
  124  35:04  Thor  
  124  35:05  Marine  
  124  35:06  Marine x5  
  138  35:16  Thor  
  138  35:17  Marine x2  
  146  35:23  Marine  
  146  35:24  Marine x5  
  152  35:35  Marine x2  
  144  35:47  Thor  
  148  35:52  Marine x6  
  148  35:53  Marine x2  
  156  35:59  Thor  
  162  36:09  Marine  
  162  36:10  Marine x7  
  169  36:27  Marine  
  169  36:28  Marine x7  
  177  36:45  Marine x2  
  177  36:46  Marine x4  
  183  38:07  Supply Depot  
  183  38:30  Supply Depot  
  183  38:53  Supply Depot  
  183  39:16  Supply Depot  
  183  39:39  Supply Depot  
  183  40:00  Marine x8  
  183  40:01  Supply Depot  
  191  40:22  Marine x8  
  199  40:38  Supply Depot  
  199  40:59  Marine  
  200  41:13  Missile Turret  
  200  41:32  Missile Turret  
  200  41:52  Missile Turret  
  200  42:11  Missile Turret  
  200  42:32  Missile Turret  
  200  42:52  Missile Turret  
  190  43:10  Missile Turret  
Tags
 
Composition
Carriers
Replay Pack
DaveSC2
Add a new tag
Caveats
  • Supply blocks, unpowered buildings, or Contaminate may cause inaccurate times.
  • Supply counts are checked every 10 seconds.